BR (22 & UNDER)
ELKINS STING RAYS @ OTTAWA FAT CATS
07/14/2030
 
TOP OF THE 1ST
Elkins Sting Rays batting - Pitching for Ottawa Fat Cats : RHP William Dixon
Pitching: RHP William Dixon
Batting: LHB Rodrigo Díaz 0-0: SINGLE (Groundball, 34D)
Batting: LHB Dax Valdéz 0-0: Ball
1-0: Ball
2-0: Ball
3-0: Base on Balls
Rodrigo Díaz to second
Batting: RHB Jeff Cutright 0-0: Called Strike
0-1: Foul Ball, location: 2F
0-2: Foul Ball, location: 2F
0-2: Strikes out looking
Batting: LHB Carlos Músquez 0-0: Ball
Rodrigo Díaz steals 3rd base
1-0: Ball
Dax Valdéz steals 2nd base
2-0: Fly out, F4 (Line Drive, 4)
Batting: RHB César López 0-0: Ball
1-0: SINGLE (Line Drive, 89M)
Rodrigo Díaz scores
Dax Valdéz to third
Runner from 3rd tries for Home, SAFE, no throw
Batting: RHB Tulu Mbita 0-0: Called Strike
0-1: Ball
1-1: SINGLE (Flyball, 7S)
César López to second
Batting: LHB Bruce Shelton 0-0: Ball
1-0: Called Strike
1-1: Foul Ball, location: 2F
1-2: Ball
2-2: Ball
3-2: 3-RUN HOME RUN (Line Drive, 9LD), Distance : 332 ft
Batting: LHB Rafael Carrión 0-0: Ball
1-0: Ground out 4-3 (Groundball, 4)
Top of the 1st over - 5 runs, 4 hits, 0 errors, 0 left on base; Elkins 5 - Ottawa 0
BOTTOM OF THE 1ST
Ottawa Fat Cats batting - Pitching for Elkins Sting Rays : LHP Reed MacIntosh
Pitching: LHP Reed MacIntosh
Batting: RHB Carlino Marinis 0-0: Ground out 6-3 (Groundball, 6)
Batting: RHB Louis-Alexandre Lévesque 0-0: Fly out, F9 (Flyball, 89M)
Batting: RHB Daniel Quintana 0-0: Foul Ball, location: 2F
0-1: Ball
1-1: Swinging Strike
1-2: Foul Ball, location: 2F
1-2: Ball
2-2: Ground out 6-3 (Groundball, 6MS)
Bottom of the 1st over - 0 runs, 0 hits, 0 errors, 0 left on base; Elkins 5 - Ottawa 0
TOP OF THE 2ND
Elkins Sting Rays batting - Pitching for Ottawa Fat Cats : RHP William Dixon
Batting: RHB Félix Chávez 0-0: Ground out 6-3 (Groundball, 6)
Batting: LHB Rodrigo Díaz 0-0: Foul Ball, location: 2F
0-1: Ball
1-1: Ground out 4-3 (Groundball, 4)
Batting: LHB Dax Valdéz 0-0: Foul Ball, location: 2F
0-1: Ball
1-1: Foul Ball, location: 2F
1-2: Foul Ball, location: 2F
1-2: Ball
2-2: Ground out U3 (Groundball, 34)
Top of the 2nd over - 0 runs, 0 hits, 0 errors, 0 left on base; Elkins 5 - Ottawa 0
BOTTOM OF THE 2ND
Ottawa Fat Cats batting - Pitching for Elkins Sting Rays : LHP Reed MacIntosh
Batting: RHB Bryan Reed 0-0: SINGLE (Line Drive, 7S)
Batting: RHB Dennis Kelly 0-0: Called Strike
0-1: Fly out, F9 (Flyball, 9LM)
Batting: SHB Raúl Rivas 0-0: Called Strike
0-1: Swinging Strike
0-2: Ball
1-2: Fly out, F8 (Flyball, 8LD)
Batting: RHB Tim Hesse 0-0: Called Strike
0-1: Foul Ball, location: 2F
0-2: Strikes out looking
Bottom of the 2nd over - 0 runs, 1 hit, 0 errors, 1 left on base; Elkins 5 - Ottawa 0
TOP OF THE 3RD
Elkins Sting Rays batting - Pitching for Ottawa Fat Cats : RHP William Dixon
Batting: RHB Jeff Cutright 0-0: Swinging Strike
0-1: Called Strike
0-2: Ball
1-2: Strikes out swinging
Batting: LHB Carlos Músquez 0-0: Called Strike
0-1: Fly out, F6 (Line Drive, 6M)
Batting: RHB César López 0-0: Called Strike
0-1: TRIPLE (Line Drive, 78XD)
Batting: RHB Tulu Mbita 0-0: SINGLE (Line Drive, 9S)
César López scores
Batting: LHB Bruce Shelton 0-0: Ball
1-0: 2-RUN HOME RUN (Flyball, 9LD), Distance : 351 ft
Batting: LHB Rafael Carrión 0-0: Foul Ball, location: 2F
0-1: Foul Ball, location: 2F
0-2: Strikes out swinging
Top of the 3rd over - 3 runs, 3 hits, 0 errors, 0 left on base; Elkins 8 - Ottawa 0
BOTTOM OF THE 3RD
Ottawa Fat Cats batting - Pitching for Elkins Sting Rays : LHP Reed MacIntosh
Batting: RHB Mike McCray 0-0: Called Strike
0-1: SINGLE (Groundball, 23) (infield hit)
Batting: LHB Jorge Fuentes 0-0: Called Strike
0-1: Ball
1-1: Fly out, F8 (Flyball, 8RS)
Batting: RHB Carlino Marinis 0-0: Foul Ball, location: 2F
0-1: Swinging Strike
0-2: Hit by Pitch
Mike McCray to second
Batting: RHB Louis-Alexandre Lévesque 0-0: Swinging Strike
0-1: Ball
1-1: Foul Ball, location: 2F
1-2: SINGLE (Line Drive, 9S)
Mike McCray to third
Carlino Marinis to second
Batting: RHB Daniel Quintana 0-0: Ball
1-0: Called Strike
1-1: Foul Ball, location: 2F
1-2: SINGLE (Groundball, 6) (infield hit)
Mike McCray scores
Carlino Marinis to third
Louis-Alexandre Lévesque to second
Batting: RHB Bryan Reed 0-0: Called Strike
0-1: Swinging Strike
0-2: Ball
1-2: Ball
2-2: Ball
3-2: Fly out, F3 (Line Drive, 34)
Lined into DP, U3 (Line Drive, 34)
Bottom of the 3rd over - 1 run, 3 hits, 0 errors, 2 left on base; Elkins 8 - Ottawa 1
TOP OF THE 4TH
Elkins Sting Rays batting - Pitching for Ottawa Fat Cats : RHP William Dixon
Batting: RHB Félix Chávez 0-0: Called Strike
0-1: Swinging Strike
0-2: Strikes out swinging
Batting: LHB Rodrigo Díaz 0-0: Foul Ball, location: 2F
0-1: Called Strike
0-2: Ground out 4-3 (Groundball, 4)
Batting: LHB Dax Valdéz 0-0: Called Strike
0-1: Ball
1-1: Foul Ball, location: 2F
1-2: Ground out U3 (Groundball, 3)
Top of the 4th over - 0 runs, 0 hits, 0 errors, 0 left on base; Elkins 8 - Ottawa 1
BOTTOM OF THE 4TH
Ottawa Fat Cats batting - Pitching for Elkins Sting Rays : LHP Reed MacIntosh
Batting: RHB Dennis Kelly 0-0: Called Strike
0-1: Swinging Strike
0-2: Ball
1-2: Foul Ball, location: 2F
1-2: Ball
2-2: Foul Ball, location: 2F
2-2: Ball
3-2: Ground out 3-1 (Groundball, 34)
Batting: SHB Raúl Rivas 0-0: Ball
1-0: Swinging Strike
1-1: Ball
2-1: Ball
3-1: Foul Ball, location: 2F
3-2: Foul Ball, location: 2F
3-2: Base on Balls
Batting: RHB Tim Hesse 0-0: Foul Ball, location: 2F
0-1: Ball
1-1: Swinging Strike
1-2: Grounds into double play, 5-4-3 (Groundball, 5)
Bottom of the 4th over - 0 runs, 0 hits, 0 errors, 0 left on base; Elkins 8 - Ottawa 1
TOP OF THE 5TH
Elkins Sting Rays batting - Pitching for Ottawa Fat Cats : RHP William Dixon
Batting: RHB Jeff Cutright 0-0: Called Strike
0-1: Swinging Strike
0-2: Strikes out swinging
Batting: LHB Carlos Músquez 0-0: Ball
1-0: Ball
2-0: Foul Ball, location: 2F
2-1: Ground out 4-3 (Groundball, 34)
Batting: RHB César López 0-0: Called Strike
0-1: Foul Ball, location: 2F
0-2: Ball
1-2: Ball
2-2: Foul Ball, location: 2F
2-2: Ball
3-2: Ground out 5-3 (Groundball, 56)
Top of the 5th over - 0 runs, 0 hits, 0 errors, 0 left on base; Elkins 8 - Ottawa 1
BOTTOM OF THE 5TH
Ottawa Fat Cats batting - Pitching for Elkins Sting Rays : LHP Reed MacIntosh
Batting: RHB Mike McCray 0-0: Ball
1-0: Called Strike
1-1: Called Strike
1-2: Ball
2-2: Ball
3-2: Foul Ball, location: 2F
3-2: Strikes out swinging
Batting: LHB Jorge Fuentes 0-0: Called Strike
0-1: Ball
1-1: SINGLE (Line Drive, 34)
Batting: RHB Carlino Marinis 0-0: Swinging Strike
0-1: Ball
1-1: Ball
2-1: Ball
3-1: Called Strike
3-2: Fielders Choice at 2nd, 6-4 (Groundball, 6)
Batting: RHB Louis-Alexandre Lévesque 0-0: Ball
Carlino Marinis steals 2nd base
1-0: Ball
2-0: Ball
3-0: Called Strike
3-1: Base on Balls
Batting: RHB Daniel Quintana 0-0: Ball
1-0: Swinging Strike
1-1: Ball
2-1: Swinging Strike
2-2: 3-RUN HOME RUN (Line Drive, 7LD), Distance : 352 ft
Batting: RHB Bryan Reed 0-0: Ball
1-0: Ground out 4-3 (Groundball, 34)
Bottom of the 5th over - 3 runs, 2 hits, 0 errors, 0 left on base; Elkins 8 - Ottawa 4
TOP OF THE 6TH
Elkins Sting Rays batting - Pitching for Ottawa Fat Cats : RHP William Dixon
Pitching: RHP Jurdão Roxa
Batting: RHB Tulu Mbita 0-0: Ball
1-0: Called Strike
1-1: Foul Ball, location: 2F
1-2: Strikes out swinging
Batting: LHB Bruce Shelton 0-0: Ball
1-0: Ball
2-0: Ball
3-0: Called Strike
3-1: Base on Balls
Batting: LHB Rafael Carrión 0-0: Ball
1-0: Foul Ball, location: 2F
1-1: Called Strike
Bruce Shelton steals 2nd base
1-2: Ground out 4-3 (Groundball, 4)
Bruce Shelton to third
Batting: RHB Félix Chávez 0-0: Called Strike
0-1: Foul Ball, location: 2F
0-2: Foul Ball, location: 2F
0-2: Ball
1-2: Strikes out looking
Top of the 6th over - 0 runs, 0 hits, 0 errors, 1 left on base; Elkins 8 - Ottawa 4
BOTTOM OF THE 6TH
Ottawa Fat Cats batting - Pitching for Elkins Sting Rays : LHP Reed MacIntosh
Batting: RHB Dennis Kelly 0-0: Foul Ball, location: 2F
0-1: Ball
1-1: Ball
2-1: Ground out 4-3 (Groundball, 4MD)
Batting: SHB Raúl Rivas 0-0: Foul Ball, location: 2F
0-1: Ball
1-1: Foul Ball, location: 2F
1-2: Ground out U3 (Groundball, 3S)
Batting: RHB Tim Hesse 0-0: Ball
1-0: Fly out, F8 (Flyball, 8LS)
Bottom of the 6th over - 0 runs, 0 hits, 0 errors, 0 left on base; Elkins 8 - Ottawa 4
TOP OF THE 7TH
Elkins Sting Rays batting - Pitching for Ottawa Fat Cats : RHP Jurdão Roxa
Batting: LHB Rodrigo Díaz 0-0: Swinging Strike
0-1: Swinging Strike
0-2: Strikes out swinging
Batting: LHB Dax Valdéz 0-0: Called Strike
0-1: Swinging Strike
0-2: Foul Ball, location: 2F
0-2: Ball
1-2: Ball
2-2: Ball
3-2: Base on Balls
Batting: RHB Jeff Cutright 0-0: Ball
1-0: Called Strike
1-1: Ball
2-1: Foul Ball, location: 2F
2-2: Strikes out swinging
Batting: LHB Carlos Músquez 0-0: Called Strike
0-1: Ground out 4-3 (Groundball, 4)
Top of the 7th over - 0 runs, 0 hits, 0 errors, 1 left on base; Elkins 8 - Ottawa 4
BOTTOM OF THE 7TH
Ottawa Fat Cats batting - Pitching for Elkins Sting Rays : LHP Reed MacIntosh
Pitching: RHP Rubén Rocha
Batting: RHB Mike McCray 0-0: Ball
1-0: Ball
2-0: Called Strike
2-1: Foul Ball, location: 2F
2-2: Foul Ball, location: 2F
2-2: Strikes out swinging
Batting: LHB Jorge Fuentes 0-0: Called Strike
0-1: Foul Ball, location: 2F
0-2: Strikes out swinging
Batting: RHB Carlino Marinis 0-0: Ball
1-0: Ball
2-0: Ball
3-0: Base on Balls
Batting: RHB Louis-Alexandre Lévesque 0-0: Called Strike
Carlino Marinis is caught stealing 2nd base
Bottom of the 7th over - 0 runs, 0 hits, 0 errors, 0 left on base; Elkins 8 - Ottawa 4
TOP OF THE 8TH
Elkins Sting Rays batting - Pitching for Ottawa Fat Cats : RHP Jurdão Roxa
Batting: RHB César López 0-0: Ball
1-0: Ball
2-0: Foul Ball, location: 2F
2-1: Fly out, F8 (Line Drive, 8RD)
Batting: RHB Tulu Mbita 0-0: Fly out, F5 (Popup, 56)
Batting: LHB Bruce Shelton 0-0: Ball
1-0: Ball
2-0: Ball
3-0: Base on Balls
Batting: LHB Rafael Carrión 0-0: Ball
1-0: Foul Ball, location: 2F
1-1: Called Strike
Bruce Shelton is caught stealing 2nd base
Top of the 8th over - 0 runs, 0 hits, 0 errors, 0 left on base; Elkins 8 - Ottawa 4
BOTTOM OF THE 8TH
Ottawa Fat Cats batting - Pitching for Elkins Sting Rays : RHP Rubén Rocha
Batting: RHB Louis-Alexandre Lévesque 0-0: Ball
1-0: Fly out, F8 (Line Drive, 89M)
Batting: RHB Daniel Quintana 0-0: Called Strike
0-1: Called Strike
0-2: Strikes out swinging
Batting: RHB Bryan Reed 0-0: Called Strike
0-1: Ball
1-1: Foul Ball, location: 2F
1-2: Foul Ball, location: 2F
1-2: SINGLE (Groundball, 6M) (infield hit)
Batting: RHB Dennis Kelly 0-0: Ball
1-0: SINGLE (Groundball, 6MD)
Bryan Reed to second
Runner from 2nd tries for 3rd, SAFE, throw made to third
Batting: SHB Raúl Rivas 0-0: Called Strike
0-1: Hit by Pitch
Dennis Kelly to second
Batting: RHB Tim Hesse 0-0: Ball
1-0: Called Strike
1-1: Foul Ball, location: 2F
1-2: Strikes out swinging
Bottom of the 8th over - 0 runs, 2 hits, 0 errors, 3 left on base; Elkins 8 - Ottawa 4
TOP OF THE 9TH
Elkins Sting Rays batting - Pitching for Ottawa Fat Cats : RHP Jurdão Roxa
Batting: LHB Rafael Carrión 0-0: Foul Ball, location: 2F
0-1: Foul Ball, location: 2F
0-2: Ball
1-2: Fly out, F5 (Popup, 5F)
Batting: RHB Félix Chávez 0-0: Called Strike
0-1: Ball
1-1: Called Strike
1-2: Ball
2-2: SOLO HOME RUN (Line Drive, 7LD), Distance : 354 ft
Batting: LHB Rodrigo Díaz 0-0: Called Strike
0-1: Ball
1-1: Ball
2-1: Swinging Strike
2-2: Foul Ball, location: 2F
2-2: Strikes out swinging
Batting: LHB Dax Valdéz 0-0: Called Strike
0-1: Ball
1-1: Ball
2-1: Ball
3-1: Base on Balls
Batting: RHB Jeff Cutright 0-0: Ball
1-0: Ball
2-0: Foul Ball, location: 2F
2-1: Ball
3-1: Base on Balls
Dax Valdéz to second
Batting: LHB Carlos Músquez 0-0: Ball
1-0: Ground out U3 (Groundball, 3)
Top of the 9th over - 1 run, 1 hit, 0 errors, 2 left on base; Elkins 9 - Ottawa 4
BOTTOM OF THE 9TH
Ottawa Fat Cats batting - Pitching for Elkins Sting Rays : RHP Rubén Rocha
Now in LF: Jesús Miranda
Batting: RHB Mike McCray 0-0: Ball
1-0: Ball
2-0: Ground out U3 (Groundball, 3L)
Batting: LHB Jorge Fuentes 0-0: Ball
1-0: Ball
2-0: Called Strike
2-1: Foul Ball, location: 2F
2-2: Ball
3-2: Foul Ball, location: 2F
3-2: Strikes out swinging
Batting: RHB Carlino Marinis 0-0: Ball
1-0: Swinging Strike
1-1: Ground out 5-3 (Groundball, 56S)
Bottom of the 9th over - 0 runs, 0 hits, 0 errors, 0 left on base; Elkins 9 - Ottawa 4
Saturday, April 7th, 2018 - OOTP Baseball 18.8 Build 76